 Dungeon Crawl Stone Soup version 0.26-a0-652-gafc20e3620 (webtiles) character file.

Game seed: 4322478755602124655

423 jasper the Insei (level 6, -4/47 HPs)
             Began as a Gnoll Transmuter on Oct 1, 2020.
             Killed by divine providence
             ... invoked by an orc priest
              (16 damage)
             ... on level 5 of the Dungeon.
             The game lasted 00:06:59 (3985 turns).

jasper the Insei (Gnoll Transmuter)                 Turns: 3985, Time: 00:07:00

Health: -4/47      AC:  5    Str: 12    XL:     6   Next: 95%
Magic:  14/14      EV: 13    Int: 17    God:
Gold:   286        SH:  0    Dex: 16    Spells: 12/15 levels left

rFire    . . .     SeeInvis .     - Unarmed
rCold    . . .     Faith    .   (no shield)
rNeg     . . .     Spirit   .   b - +0 ring mail
rPois    .         Reflect  .   (no helmet)
rElec    .         Harm     .   p - scarf {+Inv}
rCorr    .         Rampage  .   (no gloves)
MR       .....                  (no boots)
Stlth    +.........             (no amulet)
HPRegen  0.15/turn              (no ring)
MPRegen  0.14/turn              (no ring)

@: no status effects
A: distributed training, fangs 1, strong nose
a: Evoke Invisibility


You were on level 5 of the Dungeon.
You visited 1 branch of the dungeon, and saw 5 of its levels.

You collected 286 gold pieces.

Inventory:

Hand Weapons
 w - a +1 short sword of electrocution
Missiles
 c - 31 stones (quivered)
 n - 6 javelins
 q - 18 poisoned darts
Armour
 a - a +0 robe
 b - a +0 ring mail (worn)
 p - a scarf of invisibility (worn)
Wands
 x - a wand of enslavement (6)
 y - a wand of flame (15)
Scrolls
 d - 4 scrolls of identify {unknown}
 i - 3 scrolls of fear {unknown}
 j - 2 scrolls of remove curse {unknown}
 l - a scroll of blinking {unknown}
 o - 3 scrolls of teleportation {unknown}
 t - 2 scrolls of fog {unknown}
 u - a scroll of enchant armour {unknown}
 v - a scroll of enchant weapon {unknown}
 A - a scroll of summoning {unknown}
Potions
 e - 4 potions of curing
 f - a potion of might {unknown}
 g - a potion of flight {unknown}
 h - 2 potions of resistance {unknown}
 k - a potion of brilliance {unknown}
 m - 2 potions of lignification {unknown}
 r - a potion of heal wounds {unknown}
 s - a potion of mutation {unknown}
 z - a potion of stabbing {unknown}


   Skills:
 + Level 3.4 Fighting
 + Level 2.2 Short Blades
 + Level 2.2 Long Blades
 + Level 2.2 Axes
 + Level 2.2 Maces & Flails
 + Level 2.2 Polearms
 + Level 2.2 Staves
 + Level 2.2 Slings
 + Level 2.2 Bows
 + Level 2.2 Crossbows
 + Level 2.2 Throwing
 + Level 2.2 Armour
 + Level 5.1 Dodging
 + Level 2.2 Stealth
 + Level 2.2 Shields
 + Level 6.9 Unarmed Combat
 + Level 5.4 Spellcasting
 + Level 1.7 Conjurations
 + Level 1.7 Hexes
 + Level 1.7 Summonings
 + Level 1.7 Necromancy
 + Level 1.7 Translocations
 + Level 4.2 Transmutations
 + Level 1.7 Fire Magic
 + Level 1.7 Ice Magic
 + Level 1.7 Air Magic
 + Level 1.7 Earth Magic
 + Level 1.7 Poison Magic
 + Level 2.4 Invocations
 + Level 2.2 Evocations


You had 12 spell levels left.
You knew the following spells:

 Your Spells              Type           Power        Failure   Level
a - Beastly Appendage     Tmut           ###...       5%          1
b - Wereblood             Tmut           ###.....     8%          2

Your spell library contained the following spells:

 Spells                   Type           Power        Failure   Level
 Spider Form              Tmut/Pois      ##........   26%         3
 Ice Form                 Ice/Tmut       ##......     65%         4
 Blade Hands              Tmut           ###.......   82%         5


Dungeon Overview and Level Annotations

Branches:
Dungeon (5/15)
 Temple: D:4-7

Altars:
The Shining One


Innate Abilities, Weirdness & Mutations

Your experience applies equally to all skills.
You have very sharp teeth.
Your uncanny sense of smell can sniff out nearby items.


Message History

The orc priest is moderately wounded.
Your centaur hits the orc priest!
The orc priest mumbles some strange prayers to Beogh against you.
Pain shoots through your body!
Your centaur hits the orc priest.
The orc priest dies!
Your centaur looks more experienced.
Evoke which item? (* to show all) (? for menu, Esc to quit)
Okay, then.
Your centaur wields a +0 shortbow.
Your centaur shoots an arrow.
The arrow hits the orc priest.
The orc priest calls down the wrath of Beogh upon you.
Beogh smites you!
* * * LOW HITPOINT WARNING * * *
It was a potion of curing.
You feel better.
Your centaur shoots an arrow.
The arrow hits the orc priest.
Your centaur unwields a +0 shortbow.
Your centaur hits the orc priest but does no damage.
The orc priest mumbles some strange prayers to Beogh against you.
Beogh smites you!
You die...

##(......#......# ##
##...............#
...##..................
........$.(............#
....#...............##.#
....................# ..
......c.......##......
.....o)........##..##.
....(..@......## ..#
................ ..
.......<........#
.................
(...............
...............
...............
...............


You could see an orc priest and a friendly centaur (charmed).

Vanquished Creatures
  2 howler monkeys (D:4)
  3 hounds
  2 centaur skeletons (D:4)
  An orc wizard (D:4)
  A worker ant (D:4)
  A howler monkey skeleton (D:5)
  3 adders
  An ufetubus (D:5)
  A worm (D:2)
  A leopard gecko (D:3)
  9 orcs
  9 bats
  6 giant cockroaches
  5 goblins
  2 hobgoblins (D:1)
  A quokka (D:2)
  4 kobolds
  8 rats
60 creatures vanquished.

Vanquished Creatures (collateral kills)
  2 orc priests (D:5)
2 creatures vanquished.

Grand Total: 62 creatures vanquished

Notes
Turn   | Place    | Note
-------+----------+-------------------------------------------
     0 | D:1      | jasper the Gnoll Transmuter began the quest for the Orb.
     0 | D:1      | Reached XP level 1. HP: 17/17 MP: 6/6
   214 | D:1      | Reached XP level 2. HP: 23/23 MP: 7/7
   224 | D:1      | Learned a level 2 spell: Wereblood
  1150 | D:2      | Reached XP level 3. HP: 28/28 MP: 7/9
  1152 | D:2      | Reached skill level 5 in Spellcasting
  1317 | D:2      | Reached skill level 1 in Invocations
  1384 | D:2      | You fall into a shaft and drop 2 floors!
  1395 | D:4      | Reached skill level 1 in Short Blades
  1395 | D:4      | Reached skill level 1 in Long Blades
  1395 | D:4      | Reached skill level 1 in Axes
  1395 | D:4      | Reached skill level 1 in Maces & Flails
  1395 | D:4      | Reached skill level 1 in Polearms
  1395 | D:4      | Reached skill level 1 in Staves
  1395 | D:4      | Reached skill level 1 in Slings
  1395 | D:4      | Reached skill level 1 in Bows
  1395 | D:4      | Reached skill level 1 in Crossbows
  1395 | D:4      | Reached skill level 1 in Throwing
  1395 | D:4      | Reached skill level 1 in Armour
  1395 | D:4      | Reached skill level 1 in Stealth
  1395 | D:4      | Reached skill level 1 in Shields
  1395 | D:4      | Reached skill level 1 in Evocations
  1395 | D:4      | Reached XP level 4. HP: 26/34 MP: 9/11
  1924 | D:3      | Reached skill level 1 in Conjurations
  1924 | D:3      | Reached skill level 1 in Hexes
  1924 | D:3      | Reached skill level 1 in Summonings
  1924 | D:3      | Reached skill level 1 in Necromancy
  1924 | D:3      | Reached skill level 1 in Translocations
  1924 | D:3      | Reached skill level 1 in Fire Magic
  1924 | D:3      | Reached skill level 1 in Ice Magic
  1924 | D:3      | Reached skill level 1 in Air Magic
  1924 | D:3      | Reached skill level 1 in Earth Magic
  1924 | D:3      | Reached skill level 1 in Poison Magic
  2532 | D:3      | Found a glowing golden altar of the Shining One.
  2839 | D:4      | Reached XP level 5. HP: 40/40 MP: 10/12
  3031 | D:4      | Noticed a phantom
  3091 | D:5      | Entered Level 5 of the Dungeon
  3104 | D:5      | Reached XP level 6. HP: 33/47 MP: 13/13
  3447 | D:4      | Reached skill level 5 in Dodging
  3983 | D:5      | HP: 2/47 [orc priest/divine providence (14)]
  3985 | D:5      | Killed from afar by an orc priest

Illustrated notes

Levels and vault maps discovered:
D:1:      minmay_arrival_up_and_down, layout_basic, hangedman_glass_teeth
D:2:      layout_basic
D:3:      layout_rooms, tso_altar, gup_sewer_entry_bubbles, serial_park_tiny_2
D:4:      layout_loops_ring
D:5:      layout_cave_pools, kennysheep_diamond, makhleb_altar_promises_db

Skill      XL: |  1  2  3  4  5  6 |
---------------+-------------------+-----
Spellcasting   | 5 |  5.4
Invocations    | 1 2 |  2.4
Short Blades   | 1 2 |  2.2
Long Blades    | 1 2 |  2.2
Axes           | 1 2 |  2.2
Maces & Flails | 1 2 |  2.2
Polearms       | 1 2 |  2.2
Staves         | 1 2 |  2.2
Slings         | 1 2 |  2.2
Bows           | 1 2 |  2.2
Crossbows      | 1 2 |  2.2
Throwing       | 1 2 |  2.2
Armour         | 1 2 |  2.2
Stealth        | 1 2 |  2.2
Shields        | 1 2 |  2.2
Evocations     | 1 2 |  2.2
Conjurations   | 1 |  1.7
Hexes          | 1 |  1.7
Summonings     | 1 |  1.7
Necromancy     | 1 |  1.7
Translocations | 1 |  1.7
Fire Magic     | 1 |  1.7
Ice Magic      | 1 |  1.7
Air Magic      | 1 |  1.7
Earth Magic    | 1 |  1.7
Poison Magic   | 1 |  1.7
Fighting       | 3 |  3.4
Transmutations | 4 |  4.2
Dodging        | 5 |  5.1
Unarmed Combat | |  6.9

Action                   |  1- 3 |  4- 6 || total
-------------------------+-------+-------++-------
Melee: Unarmed           |    77 |   131 ||   208
       Punch             |     3 |     2 ||     5
       Bite              |     3 |    15 ||    18
       Headbutt          |     3 |     7 ||    10
       Kick              |     2 |    15 ||    17
Throw: Stone             |    18 |    16 ||    34
       Dart              |       |    15 ||    15
 Cast: Beastly Appendage |     4 |     7 ||    11
Evoke: Wand              |       |     3 ||     3
  Use: Potion            |       |     1 ||     1
Armor: Ring mail         |    31 |    18 ||    49
Dodge: Dodged            |    56 |    78 ||   134

Table legend: (Time is in decaauts)
 A = Elapsed time spent in this place.
 B = Non-inter-level travel time spent in this place.
 C = Inter-level travel time spent in this place.
 D = Time resting spent in this place.
 E = Time spent auto-exploring this place.
 F = Levels seen in this place.
 G = Mean time per level.
                   A        B        C        D        E       F      G
               +--------+--------+--------+--------+--------+-----+--------+
         Total |   3990 |   3773 |    217 |    827 |   2306 |   5 |  798.0 |
       Dungeon |   3990 |   3773 |    217 |    827 |   2306 |   5 |  798.0 |
               +--------+--------+--------+--------+--------+-----+--------+

Top non-repeatable levels by time:
     D:4: 1390 daAuts
     D:1: 930 daAuts
     D:3: 731 daAuts
     D:2: 667 daAuts
     D:5: 271 daAuts
